 Seeded DCSS version 0.29-a0-72-g1732ff48e7 (webtiles) character file.

Game seed: 10000000000011 (custom seed)

90 knot the Chopper (level 4, -8/52 HPs)
             Began as a Demonspawn Berserker on Feb 3, 2022.
             Was a Believer of Trog.
             Mangled by an ogre (30 damage)
             ... on level 3 of the Dungeon.
             The game lasted 00:01:19 (2818 turns).

knot the Chopper (Demonspawn Berserker)             Turns: 2818, Time: 00:01:20

Health: -8/52      AC:  2    Str: 17    XL:     4   Next: 32%
Magic:  4/4        EV: 12    Int: 10    God:    Trog [**....]
Gold:   93         SH:  0    Dex: 13    Spells: 3/3 levels left

rFire   . . .      SeeInvis .   a - +0 hand axe
rCold   . . .      Faith    .   (no shield)
rNeg    . . .      Spirit   .   b - +0 animal skin
rPois   .          Reflect  .   (no helmet)
rElec   .          Harm     .   (no cloak)
rCorr   .          Rampage  .   (no gloves)
Will    .....                   (no boots)
Stlth   ..........              (no amulet)
HPRegen 0.17/turn               (no ring)
MPRegen 0.18/turn               (no ring)

@: berserking, very quick
A: magic regeneration, demonic touch 1
a: Renounce Religion, Berserk, Trog's Hand


You were on level 3 of the Dungeon.
You worshipped Trog.
Trog was pleased with you.
You visited 1 branch of the dungeon, and saw 3 of its levels.

You collected 93 gold pieces.

Inventory:

Hand Weapons
 a - a +0 hand axe (weapon)
Missiles
 f - 28 stones (quivered)
 j - 2 poisoned darts
Armour
 b - a +0 animal skin (worn)
Jewellery
 d - an amulet of reflection
Scrolls
 c - a scroll of amnesia {unknown}
 i - a scroll of identify {unknown}
 m - 2 scrolls of blinking {unknown}
Potions
 e - a potion of curing {unknown}
 g - a potion of lignification {unknown}
 h - a potion of might {unknown}
 k - a potion of magic {unknown}
 l - a potion of heal wounds {unknown}


   Skills:
 - Level 3.0 Fighting
 + Level 4.7 Axes
 - Level 1.7 Armour
 - Level 1.7 Dodging


You had 3 spell levels left.
You didn't know any spells.
Your spell library contained the following spells:

 Spells                   Type           Power      Damage    Failure   Level
 Corpse Rot               Necr/Air       0%         N/A       50%         2
 Ensorcelled Hibernation  Hex/Ice        0%         N/A       50%         2
 Passwall                 Tmut/Erth      0%         N/A       50%         2
 Poisonous Vapours        Pois/Air       0%         N/A       50%         2
 Swiftness                Air            0%         N/A       75%         3


Dungeon Overview and Level Annotations

Branches:
Dungeon (3/15)

Altars:


Innate Abilities, Weirdness & Mutations

You regenerate magic rapidly.
Your touch may inflict minor irresistible damage on your foes.


Message History

Found an escape hatch in the ceiling.
The adder hisses angrily.
An adder is nearby!
The adder closely misses you.
You hit the adder.
The adder is heavily wounded.
The adder barely misses you. x2
You hit the adder. Your touch misses the adder.
The adder is severely wounded.
The adder closely misses you.
You miss the adder.
You touch the adder.
You kill the adder!
Trog accepts your kill.
No target in view!
No target in view!
No target in view!
You now have 93 gold pieces (gained 11).
An ogre comes into view. It is wielding a +0 giant spiked club.
The ogre shouts!
An ogre is nearby!
The ogre hits you with a +0 giant spiked club!!
Ouch! That really hurt!
An ogre is nearby!
You are too injured to fight recklessly!
You are too injured to fight recklessly!
You are too injured to fight recklessly!
A red film seems to cover your vision as you go berserk!
You feel yourself moving faster!
You feel mighty! The ogre misses you.
You slash the ogre! Your touch misses the ogre.
The ogre is moderately wounded.
You hit the ogre.
The ogre is heavily wounded.
The ogre misses you.
You barely miss the ogre.
The ogre is heavily wounded.
You slash the ogre!
You touch the ogre.
The ogre is almost dead.
The ogre hits you with a +0 giant spiked club!!
Ouch! That really hurt!
You die...

########################
........................
.....###########.....###
.###.# #......# .# #.#
#@.##.## .###.#######
#.O..# #
...>.......#......#
.###.#.#####.#.....
.......<.... .....##
...................
#######..........##
≈≈≈≈≈≈#####......#
.....≈#


You could see an ogre.

Vanquished Creatures
  4 adders
  4 endoplasms
  A giant cockroach (D:1)
  3 goblins
  4 hobgoblins
  14 jackals
  A ball python (D:2)
  6 bats
  4 frilled lizards
  3 kobolds
  5 rats
49 creatures vanquished.

Notes
Turn   | Place    | Note
-------+----------+-------------------------------------------
     0 | D:1      | knot the Demonspawn Berserker began the quest for the Orb.
     0 | D:1      | Reached XP level 1. HP: 18/18 MP: 1/1
    53 | D:1      | Reached skill level 3 in Axes
   159 | D:1      | Gained mutation: You regenerate magic rapidly. [demonic
                  | ancestry]
   159 | D:1      | Reached XP level 2. HP: 18/24 MP: 2/2
  1423 | D:2      | Gained mutation: Your touch may inflict minor irresistible
                  | damage on your foes. [demonic ancestry]
  1423 | D:2      | Reached XP level 3. HP: 20/29 MP: 3/3
  1573 | D:2      | Reached skill level 4 in Axes
  2156 | D:2      | Reached ** piety under Trog
  2257 | D:2      | Reached XP level 4. HP: 30/35 MP: 4/4
  2812 | D:3      | Noticed an ogre
  2818 | D:3      | Mangled by an ogre

Illustrated notes

Levels and vault maps discovered:
D:1:      lordsloth_arrival_two_stooges, layout_basic, grunt_decor_fettered,
          minmay_misc_feat_diagonals, nicolae_concentric_dashed_squares_wild
D:2:      layout_rooms, hangedman_decor_clover_reticule
D:3:      layout_basic, serial_shops, shop, kennysheep_path_1

Skill      XL: |  1  2  3 |
---------------+----------+-----
Axes           | 3 4 |  4.7
Fighting       | |  3.0
Armour         | |  1.7
Dodging        | |  1.7

Action                   |  1- 3 |  4- 6 || total
-------------------------+-------+-------++-------
Melee: Hand axe          |   113 |    25 ||   138
       Punch             |     1 |       ||     1
       Touch             |     4 |     4 ||     8
Invok: Berserk           |     3 |     1 ||     4
 Stab: Sleeping          |       |     1 ||     1
Armor: Animal skin       |    16 |     4 ||    20
Dodge: Dodged            |    94 |    26 ||   120

Table legend: (Time is in decaauts)
 A = Elapsed time spent in this place.
 B = Non-inter-level travel time spent in this place.
 C = Inter-level travel time spent in this place.
 D = Time resting spent in this place.
 E = Time spent auto-exploring this place.
 F = Levels seen in this place.
 G = Mean time per level.
                   A        B        C        D        E       F      G
               +--------+--------+--------+--------+--------+-----+--------+
         Total |   2860 |   2815 |     45 |    923 |   1593 |   3 |  953.3 |
       Dungeon |   2860 |   2815 |     45 |    923 |   1593 |   3 |  953.3 |
               +--------+--------+--------+--------+--------+-----+--------+

Top non-repeatable levels by time:
     D:1: 1425 daAuts
     D:2: 1225 daAuts
     D:3: 209 daAuts
